 Dungeon Crawl Stone Soup version 0.31-a0-1522-g43313d8a59 (webtiles) character file.

Game seed: 13631495789341357681

546 wildpjah the Slasher (level 7, -4/52 HPs)
             Began as a Demonspawn Gladiator on Dec 30, 2023.
             Was an Initiate of Okawaru.
             Incinerated by a bombardier beetle (6 damage)
             ... with a burning spray
             ... on level 5 of the Dungeon.
             The game lasted 00:08:19 (4221 turns).

wildpjah the Slasher (Demonspawn Gladiator)         Turns: 4221, Time: 00:08:19

Health: -4/52      AC:  8    Str: 14    XL:     7   Next: 6%
Magic:  7/7        EV: 12    Int:  8    God:    Okawaru [......]
Gold:   232        SH: 16    Dex: 23    Spells: 6/6 levels left

rFire   . . .        a - +0 long sword
rCold   . . .        g - +2 kite shield
rNeg    . . .        b - +0 leather armour
rPois   .            c - +0 helmet
rElec   .            i - +2 cloak
rCorr   .            x - +0 pair of gloves
SInv    .            (no boots)
Will    .....        (no amulet)
Stlth   +            t - +6 ring of dexterity
HPRegen 0.28/turn    (no ring)
MPRegen 0.10/turn

%: no passive effects
@: on fire, attractive, glowing
A: large bone plates 1, foul stench 1, weakness stinger 1
a: Renounce Religion


You were on level 5 of the Dungeon.
You worshipped Okawaru.
Okawaru was noncommittal.
You visited 2 branches of the dungeon, and saw 6 of its levels.

You collected 232 gold pieces.

Inventory:

Hand Weapons
 a - a +0 long sword (weapon)
Missiles
 d - 3 throwing nets
 e - a javelin (quivered)
 u - 8 poisoned darts
Armour
 b - a +0 leather armour (worn)
 c - a +0 helmet (worn)
 g - a +2 kite shield (worn)
 i - a +2 cloak (worn)
 x - a +0 pair of gloves (worn)
Jewellery
 t - a +6 ring of dexterity (left hand)
Wands
 s - a wand of iceblast (24)
 v - a wand of paralysis (5)
Scrolls
 h - 5 scrolls of identify {unknown}
 k - 2 scrolls of fog {unknown}
 m - 2 scrolls of blinking {unknown}
 n - 2 scrolls of teleportation {unknown}
 o - 2 scrolls of amnesia {unknown}
 r - 2 scrolls of immolation {unknown}
 w - a scroll of vulnerability {unknown}
 y - a scroll of revelation {unknown}
Potions
 f - a potion of invisibility {unknown}
 j - 2 potions of attraction
 l - 3 potions of enlightenment {unknown}
 p - 2 potions of degeneration {unknown}
 q - a potion of curing {unknown}


   Skills:
 + Level 3.2 Fighting
 + Level 5.0 Long Blades
 + Level 2.1 Throwing
 + Level 2.2 Armour
 + Level 3.5 Dodging
 + Level 1.2 Stealth
 + Level 2.1 Shields
 + Level 0.1 Evocations


You had 6 spell levels left.
You didn't know any spells.
Your spell library contained the following spells:

 Spells                   Type           Power      Damage    Failure   Level
 Freeze                   Ice            0%         1d3       88%         1
 Slow                     Hex            0%         N/A       88%         1
 Confusing Touch          Hex            0%         N/A       99%         3
 Frozen Ramparts          Ice            0%         1d1       99%         3
 Hailstorm                Conj/Ice       0%         3d5       99%         3
 Inner Flame              Hex/Fire       0%         N/A       99%         3
 Sigil of Binding         Hex            0%         N/A       99%         3
 Vampiric Draining        Necr           0%         2d6       99%         3
 Flame Wave               Conj/Fire      0%         2d4       100%        4
 Sticky Flame             Fire/Alch      0%         2d4       100%        4


Dungeon Overview and Level Annotations

Branches:
Dungeon (5/15)             Temple (1/1) D:4

Altars:
Ashenzari
Cheibriados
Dithmenos
Gozag
Hepliaklqana
Kikubaaqudgha
Makhleb
Okawaru
Qazlal
Trog
Uskayaw
Wu Jian

Shops:
D:1 :


Innate Abilities, Weirdness & Mutations

You are partially covered in large bone plates. (SH +4)
You may rarely emit foul miasma when damaged in melee.
You have a small tail.


Message History

The liquid fire burns you!
You hit the bombardier beetle.
The bombardier beetle is lightly wounded.
The liquid fire burns you!
The bombardier beetle sprays incendiary fluid at you.
The burning spray hits you.
You are even more covered in liquid fire!
You hit the bombardier beetle but do no damage.
You tail-slap the bombardier beetle.
The bombardier beetle is moderately wounded.
The liquid fire burns you!
The bombardier beetle bites you but does no damage.
You slash the bombardier beetle!
The bombardier beetle is almost dead.
The liquid fire burns you!
You slash the bombardier beetle!
You kill the bombardier beetle!
Okawaru accepts your kill. The liquid fire burns you!
Your Long Blades skill increases to level 5!
You have reached level 7!
Your demonic ancestry asserts itself...
Large bone plates grow over parts of your arms.
You are on fire!
The liquid fire burns you! The liquid fire burns you!
* * * LOW HITPOINT WARNING * * *
You shake off some of the fire as you move.
The liquid fire burns you!
* * * LOW HITPOINT WARNING * * *
You shake off some of the fire as you move.
The liquid fire burns you!
* * * LOW HITPOINT WARNING * * *
You shake off some of the fire as you move.
The liquid fire burns you!
* * * LOW HITPOINT WARNING * * *
It was a potion of attraction.
You feel attractive to monsters. The liquid fire burns you!
You die...

##### ....# ..#.#
#.#.# #.#.# #.#.#
#.#†###### #@..[.....
.##.#######
#........#
......<...#
#.#.####.#
##.######.######.#.##
#...........#
#..######..#..#
#..... ..###.#
....#.### #.. ...
#####. ##.. ####


There were no monsters in sight!

Vanquished Creatures
  Duvessa (D:4)
  Dowan (D:4)
  2 bombardier beetles
  A jelly (D:4)
  2 sleepcaps (D:4)
  Jessica (D:3)
  An adder (D:3)
  12 gnolls
  4 dart slugs
  3 ribbon worms
  6 ball pythons
  9 endoplasms
  3 giant cockroaches
  8 goblins
  7 hobgoblins
  3 jackals
  10 kobolds
  2 quokkas
  5 bats
  4 frilled lizards
  5 rats
  A butterfly (D:4)
91 creatures vanquished.

Notes
Turn   | Place    | Note
-------+----------+-------------------------------------------
     0 | D:1      | wildpjah the Demonspawn Gladiator began the quest for the
                  | Orb.
     0 | D:1      | Reached XP level 1. HP: 16/16 MP: 1/1
   101 | D:1      | Reached skill level 3 in Long Blades
   103 | D:1      | Gained mutation: You may rarely emit foul miasma when
                  | damaged in melee. [demonic ancestry]
   103 | D:1      | Reached XP level 2. HP: 21/22 MP: 2/2
   129 | D:1      | Found Nubayluck's Book Emporium.
   629 | D:1      | Reached XP level 3. HP: 27/27 MP: 3/3
   983 | D:2      | Found an opulent altar of Gozag.
  1025 | D:2      | Found a faded altar of an unknown god.
  1803 | D:2      | Reached XP level 4. HP: 27/33 MP: 4/4
  2506 | D:3      | Reached skill level 4 in Long Blades
  2596 | D:3      | Noticed Jessica
  2612 | D:3      | Killed Jessica
  2613 | D:3      | Reached skill level 1 in Shields
  2613 | D:3      | Gained mutation: You have a small tail. [demonic ancestry]
  2613 | D:3      | Reached XP level 5. HP: 30/39 MP: 5/5
  2658 | D:3      | Found a bloodstained altar of Trog.
  2899 | D:3      | Found a shadowy altar of Dithmenos.
  3025 | D:4      | Reached skill level 1 in Armour
  3241 | D:4      | Noticed Dowan
  3241 | D:4      | Noticed Duvessa
  3273 | D:4      | Killed Duvessa
  3274 | D:4      | Reached XP level 6. HP: 17/46 MP: 6/6
  3275 | D:4      | Killed Dowan
  3300 | D:4      | HP: 2/46 [gnoll/+0 club (2)]
  3501 | D:4      | Found a staircase to the Ecumenical Temple.
  3591 | Temple   | Entered the Ecumenical Temple
  3609 | Temple   | Became a worshipper of Warmaster Okawaru
  3761 | D:4      | Reached skill level 1 in Stealth
  4195 | D:5      | Entered Level 5 of the Dungeon
  4216 | D:5      | Reached skill level 5 in Long Blades
  4216 | D:5      | Gained mutation: You are partially covered in large bone
                  | plates. (SH +4) [demonic ancestry]
  4216 | D:5      | Reached XP level 7. HP: 19/52 MP: 7/7
  4220 | D:5      | HP: 2/52 [burnt (3)]
  4221 | D:5      | Incinerated by a bombardier beetle

Illustrated notes

Levels and vault maps discovered:
D:1:      erik_arrival_cave_to_civilisation [erik_arrival_cave_to_hall],
          layout_basic, serial_shops, shop
D:2:      layout_basic, basic_altar, dreamdust_ecumenical_altar_grove,
          serial_co_window_serial, co_window_corner_a, co_window_paths_a,
          co_window_corner_a, co_window_corner_a, co_window_corner_a,
          co_window_paths_a, co_window_corner_a, co_window_of_opportunity_a,
          co_window_of_opportunity_a, co_window_cross_4, co_window_paths_c,
          co_window_of_opportunity_b, co_window_2corner, co_window_corner_b,
          co_window_unsneaky_path_b, co_window_paths_e, glass_columns_a,
          glass_columns_a, wad_floor_pattern_untrapped
D:3:      layout_loops_ring, mainiacjoe_overflow_surrounded_room,
          nicolae_dithmenos_through_a_glass_darkly, uniq_jessica
D:4:      layout_rooms, minmay_temple_entry_butterflies, serial_curves,
          eino_curves_01, eino_curves_03, uniq_duvessa
D:5:      minmay_octagon_keep, layout_loops_ring, jmf_multi_god_temple2,
          tgw_xom, serial_shops, shop, nicolae_shop_tiny_real_fake_doors,
          nicolae_diamond_shop, uniq_menkaure
Temple:   hellmonk_temple_forest_ring

Skill      XL: |  1  2  3  4  5  6 |
---------------+-------------------+-----
Long Blades    | 3 4 5 |  5.0
Dodging        | 3 |  3.5
Shields        | 1 2 |  2.1
Armour         | 2 |  2.2
Throwing       | 2 |  2.1
Fighting       | 3 |  3.2
Stealth        | 1 |  1.2
Evocations     | |  0.1

Action                     |  1- 3 |  4- 6 |  7- 9 || total
---------------------------+-------+-------+-------++-------
  Melee: Long sword        |   143 |   168 |       ||   311
         Tailslap          |       |    15 |       ||    15
  Throw: Javelin           |       |     2 |       ||     2
         Throwing net      |       |     3 |       ||     3
  Evoke: Wand              |       |     2 |       ||     2
    Use: Potion            |       |       |     1 ||     1
   Stab: Sleeping          |     1 |     4 |       ||     5
         Held in net/web   |       |     1 |       ||     1
         Distracted        |       |     1 |       ||     1
 Armour: Leather armour    |    87 |    76 |       ||   163
  Dodge: Dodged            |    57 |    70 |       ||   127
  Block: Kite shield       |    84 |   112 |       ||   196

Table legend: (Time is in decaauts)
 A = Elapsed time spent in this place.
 B = Non-inter-level travel time spent in this place.
 C = Inter-level travel time spent in this place.
 D = Time resting spent in this place.
 E = Time spent auto-exploring this place.
 F = Levels seen in this place.
 G = Mean time per level.
                   A        B        C        D        E       F      G
               +--------+--------+--------+--------+--------+-----+--------+
         Total |   4347 |   4089 |    258 |      0 |   3240 |   6 |  724.5 |
       Dungeon |   4310 |   4086 |    224 |      0 |   3240 |   5 |  862.0 |
        Temple |     36 |      2 |     34 |      0 |      0 |   1 |   36.0 |
               +--------+--------+--------+--------+--------+-----+--------+

Top non-repeatable levels by time:
     D:4: 1204 daAuts
     D:2: 1194 daAuts
     D:1: 1003 daAuts
     D:3: 881 daAuts
  Temple: 36 daAuts
     D:5: 27 daAuts
